 Dungeon Crawl Stone Soup version 0.23.0 (webtiles) character file.

Game seed: 17708833858509040766

3642 MalarOregon the Transmogrifier (level 10, -9/83 HPs)
             Began as a Merfolk Transmuter on Feb 14, 2019.
             Was a Believer of Wu Jian.
             Mangled by a catoblepas (24 damage)
             ... on level 8 of the Dungeon.
             The game lasted 00:14:23 (8170 turns).

MalarOregon the Transmogrifier (Merfolk Transmuter) Turns: 8170, Time: 00:14:24

Health: -9/83      AC:  2    Str: 13    XL:     10   Next: 12%
Magic:  11/13      EV: 21    Int: 13    God:    Wu Jian [**....]
Gold:   437        SH:  0    Dex: 26    Spells: 3/13 levels left

rFire    . . .     SeeInvis .     - Unarmed
rCold    . . .     Gourm    .   (shield currently unavailable)
rNeg     . . .     Faith    .   (armour currently unavailable)
rPois    x         Spirit   .   (helmet currently unavailable)
rElec    .         Reflect  .   (cloak currently unavailable)
rCorr    .         Harm     .   (gloves currently unavailable)
MR       .....                  (boots currently unavailable)
Stlth    ++........             n - amulet of the acrobat
HPRegen  0.23/turn              d - +6 ring of dexterity
MPRegen  0.13/turn              u - ring of flight

@: spider-form
A: tiny, (change form in water), (swift swim), (stealthy swim)
a: End Transformation, Wall Jump, Renounce Religion, Evoke Flight


You were on level 8 of the Dungeon.
You worshipped Wu Jian.
Wu Jian was pleased with you.
You were not hungry.
You were a venomous arachnid creature.
You visited 2 branches of the dungeon, and saw 9 of its levels.

You collected 437 gold pieces.

Inventory:

Hand Weapons
 v - a +3 whip of freezing
   (You took it off Pikel on level 4 of the Dungeon)
Missiles
 a - 98 arrows
 q - 3 throwing nets (quivered) {!f}
Armour
 m - a +2 helmet (melded)
   (You found it on level 8 of the Dungeon)
 w - a +2 robe of resistance (melded)
   (You took it off Pikel on level 4 of the Dungeon)
 x - a +4 chain mail of poison resistance
   (You took it off Edmund on level 5 of the Dungeon)
 y - a scarf of resistance (melded)
   (You found it on level 5 of the Dungeon)
Magical Staves
 p - an uncursed staff of fire
   (You found it on level 3 of the Dungeon)
Jewellery
 d - a +6 ring of dexterity (left front leg)
   (You found it on level 8 of the Dungeon)
 g - an uncursed ring of fire
   (You found it on level 1 of the Dungeon)
 n - an amulet of the acrobat (around neck)
   (You found it on level 2 of the Dungeon)
 u - a ring of flight (right front leg)
   (You found it on level 3 of the Dungeon)
Wands
 o - a wand of enslavement (5)
   (You found it on level 8 of the Dungeon)
 t - a wand of flame (19)
   (You took it off a goblin on level 3 of the Dungeon)
Scrolls
 f - 8 scrolls of identify {@r1}
 i - 2 scrolls of blinking
 j - a scroll of remove curse {@r2}
 k - a scroll of fog
 l - a scroll of enchant weapon
 r - 2 scrolls of teleportation {@r4}
Potions
 c - 2 potions of ambrosia
 h - 3 potions of curing {@q1}
 s - 3 potions of haste {@q3}
 z - 2 potions of lignification {!q}
 C - a potion of magic
 E - 2 potions of heal wounds {@q2}
Comestibles
 b - 2 chunks of flesh
 e - 11 rations {!d}


   Skills:
 + Level 9.0 Fighting
 - Level 2.6 Dodging
 + Level 9.5 Unarmed Combat
 - Level 2.0 Spellcasting
 - Level 10.0 Transmutations
 - Level 3.9 Poison Magic


You had 3 spell levels left.
You knew the following spells:

 Your Spells              Type           Power        Failure   Level  Hunger
a - Blade Hands           Tmut           ####......   28%         5    ######.
s - Sticks to Snakes      Tmut           ####....     4%          2    ###....
x - Spider Form           Tmut/Pois      ###.......   13%         3    ####...

Your spell library contained the following spells:

 Spells                   Type           Power        Failure   Level  Hunger
 Beastly Appendage        Tmut           ####..       3%          1    ##.....
 Corona                   Hex            #......      47%         1    ##.....
 Shock                    Conj/Air       #...         47%         1    ##.....
 Ensorcelled Hibernation  Hex/Ice        #.....       58%         2    ###....
 Swiftness                Chrm/Air       #.......     58%         2    ###....
 Confuse                  Hex            #.......     78%         3    ####...
 Dazzling Spray           Conj/Hex       #.....       78%         3    ####...
 Static Discharge         Conj/Air       #.......     78%         3    ####...
 Tukima's Dance           Hex            #.......     78%         3    ####...
 Ice Form                 Ice/Tmut       ##......     54%         4    #####..
 Airstrike                Air            #.........   98%         4    #####..
 Venom Bolt               Conj/Pois      #.........   99%         5    ######.
 Bolt of Magma            Conj/Fire/Erth #.........   100%        5    ######.
 Iskenderun's Battlesphe  Conj/Chrm      #.......     100%        5    ######.
 Lightning Bolt           Conj/Air       #.........   100%        5    ######.
 Iron Shot                Conj/Erth      #.........   100%        6    #######
 Orb of Destruction       Conj           #.........   100%        7    #######
 Spellforged Servitor     Conj/Summ      #.........   100%        7    #######


Dungeon Overview and Level Annotations

Branches:
Dungeon (8/15)             Temple (1/1) D:4            Lair (0/6) D:8

Altars:
Ashenzari
Cheibriados
Dithmenos
Elyvilon
Fedhas
Gozag
Hepliaklqana
Kikubaaqudgha
Makhleb
Nemelex Xobeh
Okawaru
Qazlal
Ru
Sif Muna
Trog
Uskayaw
Vehumet
Wu Jian
Xom
Yredelemnul
Zin
The Shining One


Message History

You spin and attack the centaur.
You hit the centaur but do no damage.
The centaur looks as sick as possible!
The catoblepas breathes a plume of calcifying dust at you.
The blast of calcifying dust hits you!
* * * LOW HITPOINT WARNING * * *
The centaur barely misses you.
You spin and attack the centaur.
You hit the centaur but do no damage.
The centaur looks as sick as possible!
An adder comes into view.
The centaur hits you but does no damage.
The orc warrior is engulfed in calcifying dust.
The orc warrior is moving more slowly.
The centaur closely misses you.
You hit the centaur.
The centaur looks as sick as possible!
The centaur misses you.
You bite the orc!
You kill the orc!
The Council accepts your kill.
The orc warrior is engulfed in calcifying dust.
The orc warrior stops moving altogether!
The centaur completely misses you.
You spin and attack the catoblepas repeatedly.
You hit the catoblepas. You bite the catoblepas!
The catoblepas looks as sick as possible!
You spin and attack the centaur repeatedly.
You bite the centaur!
You kill the centaur!
The Council accepts your kill.
Your Fighting skill increases to level 9!
The orc warrior is engulfed in calcifying dust.
The catoblepas misses you.
You spin and attack the catoblepas.
You hit the catoblepas.
The catoblepas looks as sick as possible!
The catoblepas breathes a plume of calcifying dust at you.
The blast of calcifying dust hits you.
* * * LOW HITPOINT WARNING * * *
You spin and attack the catoblepas repeatedly.
You hit the catoblepas.
You hit the catoblepas but do no damage.
The catoblepas completely misses you.
You hit the catoblepas.
The catoblepas looks as sick as possible!
The adder is engulfed in calcifying dust.
The adder is moving more slowly.
The adder misses you. The catoblepas gores you.
* * * LOW HITPOINT WARNING * * *
You bite the catoblepas!
The catoblepas looks as sick as possible!
The adder is engulfed in calcifying dust.
The adder stops moving altogether!
The catoblepas gores you!!
You die...

.....# #...#########.#.)[)....#<#
.....# #..^........#.#........#.#
..#'## #.........(.#.#........#.#
#.#.# #...........#.#))......#'#
..#.# #.....(.....'.............
#.#.# #.§§§...((..#.##....#.....
..#.# ########...)..............
....###########...).###....####'#
≈≈≈≈≈≈≈≈≈≈≈#....s.....#..........
###..######≈.##SY)o...#...#####.#
..#..# #≈ #.........#.......#
#.#..# # #..?....###.......#
..#..###.. #.......'.........#
..........# #.......###.#......
..........# #.....#..##.#....##
.≈≈≈#####'# ......#..##.#....#
.≈8≈#.... . ..........##.#...##


You could see a catoblepas, an orc warrior (petrified) and an adder (petrified).

Vanquished Creatures
  Pikel (D:4)
  A hippogriff (D:7)
  Sigmund (D:4)
  Edmund (D:5)
  2 orc warriors (D:8)
  An ice beast (D:5)
  A sky beast (D:7)
  A slave (D:4)
  2 eyes of draining (D:8)
  A phantom (D:6)
  2 centaurs
  4 ogres
  2 bullfrogs
  3 scorpions
  2 killer bees (D:8)
  A howler monkey (D:8)
  4 crimson imps
  2 bullfrog zombies
  5 hounds
  3 jellies
  An orc priest (D:8)
  A centaur skeleton (D:4)
  5 orc wizards
  2 bullfrog skeletons (D:8)
  2 iguanas
  5 worker ants
  Robin (D:3)
  7 gnolls
  A howler monkey skeleton (D:8)
  12 adders
  A shadow imp (D:7)
  2 worms (D:3)
  2 dart slugs
  4 leopard geckos
  13 orcs
  5 bats
  8 giant cockroaches
  15 goblins
  11 hobgoblins
  10 jackals
  6 quokkas
  2 ball pythons
  5 frilled lizards
  A jackal skeleton (D:8)
  A jackal zombie (D:3)
  7 kobolds
  2 quokka skeletons (D:8)
  A quokka zombie (D:6)
  10 rats
183 creatures vanquished.

Notes
Turn   | Place    | Note
-------+----------+-------------------------------------------
     0 | D:1      | MalarOregon the Merfolk Transmuter began the quest for the
                  | Orb.
     0 | D:1      | Reached XP level 1. HP: 15/15 MP: 3/3
    87 | D:1      | Reached skill level 3 in Transmutations
   126 | D:1      | Reached XP level 2. HP: 14/21 MP: 3/5
   689 | D:1      | Reached XP level 3. HP: 27/27 MP: 4/6
   874 | D:2      | Learned a level 2 spell: Sticks to Snakes
   878 | D:2      | Learned a level 3 spell: Spider Form
  1408 | D:2      | Reached skill level 1 in Poison Magic
  1458 | D:2      | Reached XP level 4. HP: 28/33 MP: 3/7
  2207 | D:3      | Reached skill level 4 in Transmutations
  2424 | D:3      | Noticed Robin
  2461 | D:3      | Killed Robin
  2461 | D:3      | Reached XP level 5. HP: 23/40 MP: 1/8
  2943 | D:3      | Found a deep blue altar of Sif Muna.
  3260 | D:4      | Reached XP level 6. HP: 47/47 MP: 5/9
  3297 | D:4      | Noticed a slave
  3301 | D:4      | Noticed a slave
  3301 | D:4      | Noticed a slave
  3302 | D:4      | Noticed Pikel
  3311 | D:4      | Killed a slave
  3333 | D:4      | Noticed a slave
  3347 | D:4      | Killed Pikel
  3347 | D:4      | Reached skill level 5 in Unarmed Combat
  3347 | D:4      | Reached skill level 6 in Transmutations
  3347 | D:4      | Reached XP level 7. HP: 15/55 MP: 5/10
  3753 | D:4      | Found a staircase to the Ecumenical Temple.
  3812 | D:4      | Noticed Sigmund
  3827 | D:4      | Killed Sigmund
  3827 | D:4      | Reached skill level 5 in Fighting
  3827 | D:4      | Reached XP level 8. HP: 35/62 MP: 8/11
  4206 | Temple   | Entered the Ecumenical Temple
  4398 | Temple   | Became a worshipper of the Wu Jian Council
  4466 | D:5      | Entered Level 5 of the Dungeon
  4498 | D:5      | Noticed Edmund
  4518 | D:5      | Killed Edmund
  4518 | D:5      | Reached skill level 7 in Transmutations
  5728 | D:6      | Found an iron altar of Okawaru.
  5735 | D:6      | Found a sacrificial altar of Ru.
  5742 | D:6      | Reached skill level 8 in Transmutations
  6120 | D:6      | Reached XP level 9. HP: 58/71 MP: 10/12
  6233 | D:6      | Found a stormy altar of Qazlal.
  6526 | D:7      | Found a burning altar of Makhleb.
  6572 | D:7      | Reached * piety under Wu Jian
  6572 | D:7      | Reached skill level 9 in Transmutations
  7408 | D:8      | Found a staircase to the Lair.
  7618 | D:7      | Learned a level 5 spell: Blade Hands
  7808 | D:8      | Reached ** piety under Wu Jian
  7808 | D:8      | Reached skill level 10 in Transmutations
  7828 | D:8      | Reached XP level 10. HP: 35/82 MP: 5/13
  8152 | D:8      | Noticed a catoblepas
  8170 | D:8      | Mangled by a catoblepas

Skill      XL: |  1  2  3  4  5  6  7  8  9 10 |
---------------+-------------------------------+-----
Transmutations | 3 4 6 8 10 | 10.0
Fighting       | 2 3 4 5 6 8 9 |  9.0
Poison Magic   | 1 2 3 |  3.9
Unarmed Combat | 4 5 6 7 9 |  9.5
Dodging        | |  2.6
Spellcasting   | |  2.0

Action                   |  1- 3 |  4- 6 |  7- 9 | 10-12 || total
-------------------------+-------+-------+-------+-------++-------
Melee: Unarmed           |   108 |   184 |   278 |    34 ||   604
       Headbutt          |    15 |    14 |       |       ||    29
       Punch             |     2 |       |     3 |     1 ||     6
       Tailslap          |       |       |     4 |       ||     4
 Cast: Beastly Appendage |    22 |    14 |       |       ||    36
       Spider Form       |     2 |    18 |    35 |     1 ||    56
       Blade Hands       |       |       |     3 |     3 ||     6
Invok: Lunge             |       |       |    18 |     4 ||    22
       Whirlwind         |       |       |     1 |    11 ||    12
  Use: Scroll            |       |       |    14 |       ||    14
 Stab: Sleeping          |     1 |     2 |     1 |       ||     4
  Eat: Chunk             |     2 |     9 |    18 |     1 ||    30
       Ration            |       |       |       |     1 ||     1
Armor: Robe              |    19 |     8 |    10 |     1 ||    38
       Skin              |       |     2 |     2 |     1 ||     5
Dodge: Dodged            |    71 |   142 |   193 |    18 ||   424
